| TOP OF THE 1ST |
|
Oakland (APP) Athletics batting - Pitching for Burlington Royals : RHP Steve Friesner
|
|
Pitching: RHP Steve Friesner
|
|
|
Batting: RHB Danny Murillo
|
0-0: TRIPLE (Line Drive, 89XD, EV 98.8 MPH)
|
|
Batting: LHB Koson Hirai
|
0-0: Ball 1-0: Fly out, F8 (Line Drive, 8LD, EV 87.5 MPH)
|
|
Batting: LHB Dave Talbert
|
0-0: Ball 1-0: Swinging Strike 1-1: Swinging Strike 1-2: Ball 2-2: Ball 3-2: Base on Balls
|
|
Batting: LHB Yoshinari Nara
|
0-0: Called Strike 0-1: Ball 1-1: Ball 2-1: Swinging Strike 2-2: Ball 3-2: Base on Balls Dave Talbert to second
|
|
Batting: RHB Stu Rancourt
|
0-0: Ball 1-0: Called Strike 1-1: Grounds into double play, 5-4-3 (Groundball, 5, EV 100.0 MPH)
|
| Top of the 1st over - 0 runs, 1 hit, 0 errors, 2 left on base; Oakland (APP) 0 - Burlington 0 |
| BOTTOM OF THE 1ST |
|
Burlington Royals batting - Pitching for Oakland (APP) Athletics : RHP Troy Baker
|
|
Pitching: RHP Troy Baker
|
|
|
Batting: RHB Devin Garrett
|
0-0: Ground out 5-3 (Groundball, 5, EV 79.4 MPH)
|
|
Batting: RHB Jake Burkhart
|
0-0: Ground out 6-3 (Groundball, 6, EV 103.8 MPH)
|
|
Batting: LHB Natanael Frois
|
0-0: Ball 1-0: Ball 2-0: Called Strike 2-1: Foul Ball, location: 2F 2-2: Ball 3-2: Foul Ball, location: 2F 3-2: Base on Balls
|
|
Batting: LHB Jason Smith
|
0-0: Called Strike 0-1: Swinging Strike 0-2: SINGLE (Groundball, 56D, EV 102.5 MPH) Natanael Frois to second
|
|
Batting: LHB Jason Mills
|
0-0: Ball 1-0: Fly out, F6 (Popup, 56D, EV 60.6 MPH)
|
| Bottom of the 1st over - 0 runs, 1 hit, 0 errors, 2 left on base; Oakland (APP) 0 - Burlington 0 |
| TOP OF THE 2ND |
|
Oakland (APP) Athletics batting - Pitching for Burlington Royals : RHP Steve Friesner
|
|
Batting: LHB Clyde Saxton
|
0-0: Called Strike 0-1: Ball 1-1: Swinging Strike 1-2: Ball 2-2: Foul Ball, location: 2F 2-2: SINGLE (Groundball, 6M, EV 88.1 MPH) (infield hit)
|
|
Batting: RHB Javier Garcia
|
0-0: Ball 1-0: Swinging Strike 1-1: Ball 2-1: Swinging Strike Clyde Saxton steals 2nd base 2-2: Foul Ball, location: 2F 2-2: Ball 3-2: Base on Balls
|
|
Batting: RHB Omar Quintana
|
0-0: Ball 1-0: Fly out, F4 (Popup, 23, EV 88.8 MPH)
|
|
Batting: LHB Robert Ibarra
|
0-0: Ball 1-0: Called Strike 1-1: Ball 2-1: Ball 3-1: Foul Ball, location: 2F 3-2: Fly out, F7 (Flyball, 7LS, EV 91.9 MPH)
|
|
Batting: RHB Danny Murillo
|
0-0: Ball 1-0: Fielders Choice at 2nd, 6-4 (Groundball, 6, EV 81.9 MPH)
|
| Top of the 2nd over - 0 runs, 1 hit, 0 errors, 2 left on base; Oakland (APP) 0 - Burlington 0 |
| BOTTOM OF THE 2ND |
|
Burlington Royals batting - Pitching for Oakland (APP) Athletics : RHP Troy Baker
|
|
Batting: RHB Jason Sloan
|
0-0: Ball 1-0: Foul Ball, location: 2F 1-1: Foul Ball, location: 2F 1-2: SOLO HOME RUN (Flyball, 7D, EV 103.1 MPH), Distance : 384 ft
|
|
Batting: LHB Jim Hollowell
|
0-0: Swinging Strike 0-1: Foul Ball, location: 2F 0-2: Ball 1-2: Ball 2-2: Strikes out swinging, 2-3 out at first.
|
|
Batting: LHB Lapaele Keneke
|
0-0: Ball 1-0: Foul Ball, location: 2F 1-1: Foul Ball, location: 2F 1-2: Ball 2-2: Foul Ball, location: 2F 2-2: Foul Ball, location: 2F 2-2: Strikes out looking
|
|
Batting: RHB Josh Tull
|
0-0: Called Strike 0-1: Ground out 4-3 (Groundball, 4, EV 102.5 MPH)
|
| Bottom of the 2nd over - 1 run, 1 hit, 0 errors, 0 left on base; Oakland (APP) 0 - Burlington 1 |
| TOP OF THE 3RD |
|
Oakland (APP) Athletics batting - Pitching for Burlington Royals : RHP Steve Friesner
|
|
Batting: LHB Koson Hirai
|
0-0: Fly out, F7 (Flyball, 7S, EV 80.6 MPH)
|
|
Batting: LHB Dave Talbert
|
0-0: Ball 1-0: Called Strike 1-1: Swinging Strike 1-2: Foul Ball, location: 2F 1-2: Strikes out looking
|
|
Batting: LHB Yoshinari Nara
|
0-0: Ground out 6-3 (Groundball, 6, EV 91.3 MPH)
|
| Top of the 3rd over - 0 runs, 0 hits, 0 errors, 0 left on base; Oakland (APP) 0 - Burlington 1 |
| BOTTOM OF THE 3RD |
|
Burlington Royals batting - Pitching for Oakland (APP) Athletics : RHP Troy Baker
|
|
Batting: RHB Devin Garrett
|
0-0: Ball 1-0: Ground out 5-3 (Groundball, 5L, EV 103.8 MPH)
|
|
Batting: RHB Jake Burkhart
|
0-0: Called Strike 0-1: Foul Ball, location: 2F 0-2: Ground out 1-3 (Groundball, 34S, EV 76.9 MPH)
|
|
Batting: LHB Natanael Frois
|
0-0: Called Strike 0-1: Swinging Strike 0-2: Foul Ball, location: 2F 0-2: Ball 1-2: Foul Ball, location: 2F 1-2: Ball 2-2: Ball 3-2: Ground out 1-3 (Groundball, 15S, EV 73.1 MPH)
|
| Bottom of the 3rd over - 0 runs, 0 hits, 0 errors, 0 left on base; Oakland (APP) 0 - Burlington 1 |
| TOP OF THE 4TH |
|
Oakland (APP) Athletics batting - Pitching for Burlington Royals : RHP Steve Friesner
|
|
Batting: RHB Stu Rancourt
|
0-0: Ball 1-0: Fly out, F8 (Flyball, 8LS, EV 84.4 MPH)
|
|
Batting: LHB Clyde Saxton
|
0-0: Foul Ball, location: 2F 0-1: Ground out 6-3 (Groundball, 4, EV 85.0 MPH)
|
|
Batting: RHB Javier Garcia
|
0-0: Ball 1-0: Foul Ball, location: 2F 1-1: Ball 2-1: SINGLE (Groundball, 34D, EV 100.0 MPH)
|
|
Batting: RHB Omar Quintana
|
0-0: Foul Ball, location: 2F 0-1: Swinging Strike 0-2: Strikes out swinging
|
| Top of the 4th over - 0 runs, 1 hit, 0 errors, 1 left on base; Oakland (APP) 0 - Burlington 1 |
| BOTTOM OF THE 4TH |
|
Burlington Royals batting - Pitching for Oakland (APP) Athletics : RHP Troy Baker
|
|
Batting: LHB Jason Smith
|
0-0: Fly out, F7 (Flyball, 7LMF, EV 93.1 MPH)
|
|
Batting: LHB Jason Mills
|
0-0: Called Strike 0-1: Fly out, F9 (Flyball, 9LM, EV 80.6 MPH)
|
|
Batting: RHB Jason Sloan
|
0-0: Called Strike 0-1: Ball 1-1: Ball 2-1: Foul Ball, location: 2F 2-2: Ball 3-2: Foul Ball, location: 2F 3-2: Foul Ball, location: 2F 3-2: Ground out 5-3 (Groundball, 56S, EV 82.5 MPH)
|
| Bottom of the 4th over - 0 runs, 0 hits, 0 errors, 0 left on base; Oakland (APP) 0 - Burlington 1 |
| TOP OF THE 5TH |
|
Oakland (APP) Athletics batting - Pitching for Burlington Royals : RHP Steve Friesner
|
|
Batting: LHB Robert Ibarra
|
0-0: Ball 1-0: Foul Ball, location: 2F 1-1: Called Strike 1-2: Foul Ball, location: 2F 1-2: Ball 2-2: Ground out 6-3 (Groundball, 6, EV 104.4 MPH)
|
|
Batting: RHB Danny Murillo
|
0-0: Foul Ball, location: 2F 0-1: Ball 1-1: Called Strike 1-2: Fly out, F4 (Line Drive, 4, EV 67.5 MPH)
|
|
Batting: LHB Koson Hirai
|
0-0: Swinging Strike 0-1: Ball 1-1: Ball 2-1: Foul Ball, location: 2F 2-2: Ground out 4-3 (Groundball, 4, EV 81.9 MPH)
|
| Top of the 5th over - 0 runs, 0 hits, 0 errors, 0 left on base; Oakland (APP) 0 - Burlington 1 |
| BOTTOM OF THE 5TH |
|
Burlington Royals batting - Pitching for Oakland (APP) Athletics : RHP Troy Baker
|
|
Batting: LHB Jim Hollowell
|
0-0: Ball 1-0: Foul Ball, location: 2F 1-1: DOUBLE (Line Drive, 7LM, EV 112.5 MPH)
|
|
Batting: LHB Lapaele Keneke
|
0-0: Intentional Walk
|
|
Batting: RHB Josh Tull
|
0-0: Ball 1-0: Foul Ball, location: 2F 1-1: Swinging Strike 1-2: Strikes out looking
|
|
Batting: RHB Devin Garrett
|
0-0: Ball 1-0: Called Strike 1-1: DOUBLE (Line Drive, 9LM, EV 106.3 MPH) Jim Hollowell scores Lapaele Keneke to third
|
|
Batting: RHB Jake Burkhart
|
0-0: Called Strike 0-1: SINGLE (Groundball, 34D, EV 100.0 MPH) Lapaele Keneke scores Devin Garrett to third Runner from 3rd tries for Home, SAFE, throw by RF to home
|
|
Batting: LHB Natanael Frois
|
0-0: Ball 1-0: Swinging Strike 1-1: Called Strike 1-2: Foul Ball, location: 2F 1-2: Ball 2-2: Strikes out swinging
|
|
Batting: LHB Jason Smith
|
0-0: Called Strike Jake Burkhart steals 2nd base 0-1: Ball 1-1: Intentional Walk
|
|
Batting: LHB Jason Mills
|
0-0: DOUBLE (Line Drive, 7LM, EV 106.3 MPH) Jake Burkhart scores Jason Smith to third Runner from 3rd tries for Home, SAFE, throw by LF to trailing runner, SAFE at third!
|
|
Pitching: RHP Willie Valle
|
|
|
Batting: RHB Jason Sloan
|
0-0: Foul Ball, location: 2F 0-1: Called Strike 0-2: Ball 1-2: Strikes out swinging
|
| Bottom of the 5th over - 5 runs, 4 hits, 0 errors, 1 left on base; Oakland (APP) 0 - Burlington 6 |
| TOP OF THE 6TH |
|
Oakland (APP) Athletics batting - Pitching for Burlington Royals : RHP Steve Friesner
|
|
Batting: LHB Dave Talbert
|
0-0: Foul Ball, location: 2F 0-1: Ball 1-1: Ball 2-1: Ball 3-1: Base on Balls
|
|
Batting: LHB Yoshinari Nara
|
0-0: Called Strike 0-1: Foul Ball, location: 2F 0-2: Reached on error, E8 (Flyball, 8LM, EV 94.4 MPH) Dave Talbert to second
|
|
Batting: RHB Stu Rancourt
|
0-0: Called Strike 0-1: Ball 1-1: Ball 2-1: Foul Ball, location: 2F 2-2: Foul Ball, location: 2F 2-2: Ball 3-2: Fly out, F9 (Flyball, 89S, EV 98.1 MPH)
|
|
Pitching: RHP Carlos Soto
|
|
|
Batting: LHB Clyde Saxton
|
0-0: Called Strike Dave Talbert steals 3rd base 0-1: Fly out, F6 (Flyball, 6D, EV 91.9 MPH)
|
|
Batting: RHB Javier Garcia
|
0-0: Called Strike 0-1: Foul Ball, location: 2F 0-2: Ball 1-2: Ball 2-2: Ball 3-2: SINGLE (Groundball, 6D, EV 96.9 MPH) Dave Talbert scores Yoshinari Nara to second Yoshinari Nara to third
|
|
Batting: RHB Omar Quintana
|
0-0: Ball 1-0: Called Strike 1-1: Fly out, F8 (Flyball, 8RM, EV 88.1 MPH)
|
| Top of the 6th over - 1 run, 1 hit, 1 error, 2 left on base; Oakland (APP) 1 - Burlington 6 |
| BOTTOM OF THE 6TH |
|
Burlington Royals batting - Pitching for Oakland (APP) Athletics : RHP Willie Valle
|
|
Batting: LHB Jim Hollowell
|
0-0: Ball 1-0: Called Strike 1-1: Ground out 6-3 (Groundball, 6, EV 100.0 MPH)
|
|
Batting: LHB Lapaele Keneke
|
0-0: Foul Ball, location: 2F 0-1: Ball 1-1: Called Strike 1-2: Ball 2-2: SINGLE (Line Drive, 4D, EV 103.8 MPH)
|
|
Batting: RHB Josh Tull
|
0-0: Swinging Strike 0-1: Called Strike 0-2: Strikes out looking
|
|
Batting: RHB Devin Garrett
|
0-0: Foul Ball, location: 2F 0-1: Ball 1-1: Ball 2-1: Ball 3-1: Ground out 5-3 (Groundball, 56S, EV 81.9 MPH)
|
| Bottom of the 6th over - 0 runs, 1 hit, 0 errors, 1 left on base; Oakland (APP) 1 - Burlington 6 |
| TOP OF THE 7TH |
|
Oakland (APP) Athletics batting - Pitching for Burlington Royals : RHP Carlos Soto
|
|
Batting: LHB Robert Ibarra
|
0-0: Ball 1-0: Ball 2-0: Called Strike 2-1: Swinging Strike 2-2: Strikes out looking
|
|
Batting: RHB Danny Murillo
|
0-0: Ball 1-0: Ball 2-0: Called Strike 2-1: SINGLE (Line Drive, 34D, EV 99.4 MPH)
|
|
Pitching: LHP Dave Keating
|
|
|
Batting: LHB Koson Hirai
|
0-0: SINGLE (Line Drive, 8RS, EV 100.6 MPH) Danny Murillo to second
|
|
Batting: LHB Dave Talbert
|
0-0: Called Strike 0-1: Called Strike Danny Murillo steals 3rd base Koson Hirai to second 0-2: Strikes out swinging
|
|
Batting: LHB Yoshinari Nara
|
0-0: Called Strike 0-1: Ball 1-1: Ball 2-1: Called Strike 2-2: Ball 3-2: Base on Balls
|
|
Batting: RHB Stu Rancourt
|
0-0: Foul Ball, location: 2F 0-1: Ground out U3 (Groundball, 3S, EV 70.0 MPH)
|
| Top of the 7th over - 0 runs, 2 hits, 0 errors, 3 left on base; Oakland (APP) 1 - Burlington 6 |
| BOTTOM OF THE 7TH |
|
Burlington Royals batting - Pitching for Oakland (APP) Athletics : RHP Willie Valle
|
|
Batting: RHB Jake Burkhart
|
0-0: Called Strike 0-1: DOUBLE (Line Drive, 7LM, EV 111.3 MPH)
|
|
Batting: LHB Natanael Frois
|
0-0: Ball 1-0: Ball Passed Ball! Jake Burkhart to third 2-0: Foul Ball, location: 2F 2-1: Ball 3-1: Base on Balls
|
|
Batting: LHB Jason Smith
|
0-0: Foul Ball, location: 2F 0-1: Ball 1-1: Foul Ball, location: 2F 1-2: Strikes out swinging
|
|
Batting: LHB Jason Mills
|
0-0: Fielders Choice at 2nd, 1-6 (Groundball, 23, EV 84.4 MPH)
|
|
Batting: RHB Jason Sloan
|
0-0: Ball 1-0: Foul Ball, location: 2F 1-1: Foul Ball, location: 2F 1-2: Hit by Pitch Jason Mills to second
|
|
Batting: LHB Jim Hollowell
|
0-0: Foul Ball, location: 2F 0-1: Ball 1-1: Ball 2-1: Swinging Strike 2-2: Foul Ball, location: 2F 2-2: Strikes out swinging
|
| Bottom of the 7th over - 0 runs, 1 hit, 0 errors, 3 left on base; Oakland (APP) 1 - Burlington 6 |
| TOP OF THE 8TH |
|
Oakland (APP) Athletics batting - Pitching for Burlington Royals : LHP Dave Keating
|
|
Batting: LHB Clyde Saxton
|
0-0: Ball 1-0: Fly out, F5 (Popup, 6MS, EV 83.8 MPH)
|
|
Batting: RHB Javier Garcia
|
0-0: Swinging Strike 0-1: Called Strike 0-2: Ball 1-2: Strikes out swinging
|
|
Batting: RHB Omar Quintana
|
0-0: SINGLE (Line Drive, 8RS, EV 94.4 MPH)
|
|
Batting: LHB Robert Ibarra
|
0-0: Called Strike 0-1: Ball 1-1: Foul Ball, location: 2F 1-2: Strikes out looking
|
| Top of the 8th over - 0 runs, 1 hit, 0 errors, 1 left on base; Oakland (APP) 1 - Burlington 6 |
| BOTTOM OF THE 8TH |
|
Burlington Royals batting - Pitching for Oakland (APP) Athletics : RHP Willie Valle
|
|
Batting: LHB Lapaele Keneke
|
0-0: Ball 1-0: Foul Ball, location: 2F 1-1: Foul Ball, location: 2F 1-2: Ball 2-2: Foul Ball, location: 2F 2-2: Foul Ball, location: 2F 2-2: Ball 3-2: Strikes out swinging
|
|
Batting: RHB Josh Tull
|
0-0: Ball 1-0: Called Strike 1-1: Ball 2-1: Ground out 5-3 (Groundball, 5, EV 111.3 MPH)
|
|
Batting: RHB Devin Garrett
|
0-0: Ball 1-0: Foul Ball, location: 2F 1-1: Ground out 6-3 (Groundball, 6, EV 98.1 MPH)
|
| Bottom of the 8th over - 0 runs, 0 hits, 0 errors, 0 left on base; Oakland (APP) 1 - Burlington 6 |
| TOP OF THE 9TH |
|
Oakland (APP) Athletics batting - Pitching for Burlington Royals : LHP Dave Keating
|
|
Batting: RHB Danny Murillo
|
0-0: Ball 1-0: TRIPLE (Line Drive, 78XD, EV 103.8 MPH)
|
|
Batting: LHB Koson Hirai
|
0-0: Ball 1-0: Ball 2-0: Called Strike 2-1: Fly out, F7 (Line Drive, 7, EV 104.4 MPH)
|
|
Batting: LHB Dave Talbert
|
0-0: Ball 1-0: Ball 2-0: Ball 3-0: Called Strike 3-1: Foul Ball, location: 2F 3-2: Foul Ball, location: 2F 3-2: Strikes out looking
|
|
Batting: LHB Yoshinari Nara
|
0-0: Called Strike 0-1: Ball 1-1: Ball 2-1: Foul Ball, location: 2F 2-2: Ball 3-2: SINGLE (Groundball, P, EV 75.6 MPH) (infield hit) Danny Murillo scores
|
|
Batting: RHB Stu Rancourt
|
0-0: Ball 1-0: Foul Ball, location: 2F 1-1: Ball 2-1: Ball 3-1: SINGLE (Groundball, 6MD, EV 107.5 MPH) Yoshinari Nara to second
|
|
Pitching: RHP Scott McGinness
|
|
|
Batting: LHB Clyde Saxton
|
0-0: Swinging Strike Passed Ball! Yoshinari Nara to third Stu Rancourt to second 0-1: Foul Ball, location: 2F 0-2: Ball 1-2: Strikes out looking
|
| Top of the 9th over - 1 run, 3 hits, 0 errors, 2 left on base; Oakland (APP) 2 - Burlington 6 |
|